 Dungeon Crawl Stone Soup version 0.25-a0-834-g55863b0b92 (webtiles) character file.

Game seed: 15404582983465237405, levelgen mode: deterministic

155 Esekla the Magician (level 5, 0/28 HPs)
             Began as a Tengu Venom Mage on Apr 22, 2020.
             Slain by a rat (3 damage)
             ... on level 3 of the Dungeon.
             The game lasted 00:16:23 (2026 turns).

Esekla the Magician (Tengu Venom Mage)              Turns: 2026, Time: 00:16:24

Health: 0/28       AC:  3    Str:  8    XL:     5   Next: 37%
Magic:  1/10       EV: 12    Int: 17    God:
Gold:   84         SH:  0    Dex: 14    Spells: 1/10 levels left

rFire    . . .     SeeInvis .   a - +0 dagger
rCold    . . .     Gourm    .   (no shield)
rNeg     . . .     Faith    .   e - +0 leather armour
rPois    .         Spirit   .   (helmet restricted)
rElec    .         Reflect  .   (no cloak)
rCorr    .         Harm     .   (no gloves)
MR       .....                  (boots unavailable)
Stlth    ++........             (no amulet)
HPRegen  0.09/turn              (no ring)
MPRegen  0.12/turn              (no ring)

@: lethally poisoned (0 -> -2), very slightly contaminated
A: beak, talons 3, able to fly
a: Fly


You were on level 3 of the Dungeon.
You were near starving.

You visited 1 branch of the dungeon, and saw 3 of its levels.

You collected 84 gold pieces.

Inventory:

Hand Weapons
 a - a +0 dagger (weapon)
Armour
 e - a +0 leather armour (worn)
Scrolls
 d - a scroll of random uselessness {unknown}
 f - 2 scrolls of identify {unknown}
 g - 2 scrolls of teleportation {unknown}
 j - a scroll of remove curse {unknown}
Potions
 b - 2 potions of brilliance {unknown}
 h - a potion of lignification {unknown}
 i - a potion of curing {unknown}
Comestibles
 c - 5 rations


   Skills:
 + Level 0.1 Fighting
 + Level 0.1 Short Blades
 * Level 3.2 Armour
 + Level 2.4 Dodging
 - Level 2.0 Stealth
 * Level 3.3 Spellcasting
 * Level 0.6 Conjurations
 - Level 0.7 Transmutations
 + Level 2.2 Air Magic
 - Level 3.0 Poison Magic


You had one spell level left.
You knew the following spells:

 Your Spells              Type           Power        Failure   Level  Hunger
a - Sting                 Tmut/Pois      #...         11%         1    None
c - Mephitic Cloud        Conj/Pois/Air  #.......     32%         3    ###....
n - Ignite Poison         Fire/Tmut/Pois #.......     41%         3    ###....
v - Poisonous Vapours     Pois/Air       ##....       12%         2    ##.....

Your spell library contained the following spells:

 Spells                   Type           Power        Failure   Level  Hunger
 Olgreb's Toxic Radiance  Pois           ##......     56%         4    ####...


Dungeon Overview and Level Annotations

Branches:
Dungeon (3/15)

Altars:
Cheibriados
Dithmenos

Annotations:
D:2 Natasha


Innate Abilities, Weirdness & Mutations

You have a beak for a mouth.
You have claws for feet.
You can fly continuously.


Message History

Poisonous vapours surround the orc!
You feel sick. The rat bites you but does no damage.
The orc looks even sicker.
The orc closely misses you.
You hit the orc but do no damage. You claw the orc.
The orc is heavily wounded.
The rat barely misses you.
You hit the orc but do no damage.
The orc is severely wounded.
The orc hits you with a +0 flail.
* * * LOW HITPOINT WARNING * * *
The rat bites you.
* * * LOW HITPOINT WARNING * * *
You hit the orc but do no damage.
The orc is almost dead.
You feel sick. The orc closely misses you. The rat bites you.
* * * LOW HITPOINT WARNING * * *
You hit the orc.
You kill the orc!
The rat bites you.
You die...

##...#.
##.....##
##.......##
#.........#
+.........+
#...†.....#
#.<.....#
##.>)..##
##r@.##
##+##


You could see a rat.

Vanquished Creatures
  Natasha (D:2)
  Terence (D:1)
  5 adders
  A worm (D:2)
  3 dart slugs
  3 leopard geckos
  An orc (D:3)
  12 bats
  A giant cockroach (D:1)
  5 goblins
  6 hobgoblins (D:1)
  4 kobolds (D:1)
  A quokka (D:2)
  2 frilled lizards
  3 rats
49 creatures vanquished.

Notes
Turn   | Place    | Note
-------+----------+-------------------------------------------
     0 | D:1      | Esekla the Tengu Venom Mage began the quest for the Orb.
     0 | D:1      | Reached XP level 1. HP: 10/10 MP: 4/4
   129 | D:1      | Reached skill level 1 in Armour
   129 | D:1      | Reached XP level 2. HP: 8/15 MP: 0/6
   137 | D:1      | Learned a level 2 spell: Poisonous Vapours
   343 | D:2      | Noticed Terence
   422 | D:1      | Reached XP level 3. HP: 19/19 MP: 0/7
   633 | D:1      | Reached skill level 1 in Air Magic
   990 | D:1      | Killed Terence
   990 | D:1      | Reached XP level 4. HP: 8/24 MP: 3/9
  1257 | D:2      | Noticed Natasha
  1321 | D:2      | Found a snail-covered altar of Cheibriados.
  1395 | D:2      | Killed Natasha
  1395 | D:2      | Gained mutation: You can fly continuously. [Tengu growth]
  1395 | D:2      | Reached XP level 5. HP: 28/28 MP: 1/10
  1404 | D:2      | Noticed Natasha
  1479 | D:1      | Learned a level 3 spell: Mephitic Cloud
  1483 | D:1      | Learned a level 3 spell: Ignite Poison
  1574 | D:2      | Found a shadowy altar of Dithmenos.
  2026 | D:3      | Slain by a rat

Levels and vault maps discovered:
D:1:      mrwooster_arrival_statue_2, layout_loops_ring
D:2:      layout_rooms, cheibriados_altar_1,
          nicolae_dithmenos_through_a_glass_darkly, uniq_natasha, uniq_terence
D:3:      layout_loops_corners

Skill      XL: |  1  2  3  4 |
---------------+-------------+-----
Armour         | 1 2 3 |  3.2
Air Magic      | 2 |  2.2
Spellcasting   | 3 |  3.3
Fighting       | |  0.1
Short Blades   | |  0.1
Dodging        | |  2.4
Stealth        | |  2.0
Conjurations   | |  0.6
Transmutations | |  0.7
Poison Magic   | |  3.0

Action                   |  1- 3 |  4- 6 || total
-------------------------+-------+-------++-------
Melee: Unarmed           |     4 |       ||     4
       Peck              |     5 |     2 ||     7
       Dagger            |    26 |    26 ||    52
       Kick              |     3 |    10 ||    13
 Cast: Sting             |     6 |       ||     6
       Poisonous Vapours |    29 |    23 ||    52
       Mephitic Cloud    |       |     1 ||     1
 Stab: Sleeping          |     2 |       ||     2
  Eat: Chunk             |     1 |     4 ||     5
Armor: Robe              |     7 |       ||     7
       Leather armour    |    10 |    10 ||    20
Dodge: Dodged            |    55 |    26 ||    81

Table legend:
 A = Non-vault XP
 B = Vault XP
 C = Vault XP percentage of total XP
 D = Non-vault monster count
 E = Vault monster count
 F = Vault count percentage of total count
                 A         B        C        D         E       F
            +---------+---------+-------+---------+---------+-------
      Total |     149 |      73 |  32.9 |      47 |       2 |   4.1
            +---------+---------+-------+---------+---------+-------
        D:1 |      57 |      36 |  38.7 |      31 |       1 |   3.1
        D:2 |      76 |      37 |  32.7 |      14 |       1 |   6.7
        D:3 |      16 |       0 |   0.0 |       2 |       0 |   0.0
            +---------+---------+-------+---------+---------+-------
